 Dungeon Crawl Stone Soup version 0.30-b1-5-g8e6c1be481 (webtiles) character file.

Game seed: 9218774095185511907

130 Exaltedone87 the Cudgeller (level 4, 0/33 HPs)
             Began as a Demonspawn Gladiator on May 5, 2023.
             Slain by an iguana (8 damage)
             ... on level 4 of the Dungeon.
             The game lasted 00:03:45 (2893 turns).

Exaltedone87 the Cudgeller (Demonspawn Gladiator)   Turns: 2893, Time: 00:03:45

Health: 0/33       AC: 11    Str: 16    XL:     4   Next: 90%
Magic:  4/4        EV:  8    Int:  9    God:
Gold:   240        SH:  0    Dex: 15    Spells: 3/3 levels left

rFire   . . .        a - +0 flail
rCold   . . .        (no shield)
rNeg    . . .        k - +0 chain mail
rPois   +            c - +0 helmet
rElec   .            (no cloak)
rCorr   .            (no gloves)
SInv    .            o - +0 pair of boots
Will    .....        (no amulet) Stlth
                     f - ring of poison resistance
HPRegen 0.25/turn    (no ring)
MPRegen 0.09/turn

%: no passive effects
@: no status effects
A: rugged brown scales 1, weakness stinger 1
a: no special abilities


You were on level 4 of the Dungeon.
You visited 1 branch of the dungeon, and saw 4 of its levels.

You collected 240 gold pieces.

Inventory:

Hand Weapons
 a - a +0 flail (weapon)
Missiles
 d - 4 throwing nets (quivered)
 e - a javelin
Armour
 c - a +0 helmet (worn)
 k - a +0 chain mail (worn)
 o - a +0 pair of boots (worn)
Jewellery
 f - a ring of poison resistance (left hand)
Wands
 m - a wand of flame (41)
Scrolls
 j - a scroll of identify
 n - a scroll of teleportation {unknown}
Potions
 b - a potion of resistance {unknown}
 g - a potion of mutation {unknown}
 h - a potion of flight
 i - a potion of brilliance {unknown}


   Skills:
 + Level 2.2 Fighting
 * Level 4.6 Maces & Flails
 - Level 1.7 Throwing
 + Level 1.0 Armour
 + Level 3.0 Dodging


You had 3 spell levels left.
You didn't know any spells.
Your spell library contained the following spells:

 Spells                   Type           Power      Damage    Failure   Level
 Sublimation of Blood     Necr           0%         N/A       100%        2
 Wereblood                Tmut           0%         N/A       100%        2
 Summon Forest            Summ/Tloc      0%         N/A       100%        5
 Summon Mana Viper        Hex/Summ       0%         N/A       100%        5
 Summon Cactus Giant      Summ           0%         N/A       100%        6
 Summon Hydra             Summ           0%         N/A       100%        7


Dungeon Overview and Level Annotations

Branches:
Dungeon (4/15)
 Temple: D:4-7

Altars:
Uskayaw


Innate Abilities, Weirdness & Mutations

You are partially covered in rugged brown scales. (AC +1, +3% HP)
You have a small tail.


Message History

A goblin comes into view. It is wielding a +0 dagger.
Things that are here:
a +0 whip; a stone A goblin is nearby!
The goblin hits you but does no damage.
You hit the goblin.
The goblin is moderately wounded.
The goblin barely misses you. The goblin hits you with a +0 dagger.
You closely miss the goblin.
The goblin is moderately wounded.
The goblin hits you but does no damage.
You hit the goblin but do no damage.
The goblin is moderately wounded.
The goblin hits you with a +0 dagger.
You barely miss the goblin.
The goblin is moderately wounded.
The goblin barely misses you.
You hit the goblin.
You kill the goblin!
You see here a +0 dagger.
HP restored.
An iguana comes into view.
Found a stone staircase leading down.
Found a hide-covered altar of Uskayaw.
The iguana bites you but does no damage.
The iguana bites you!
You thump the iguana!
The iguana is heavily wounded.
The iguana bites you. The iguana bites you!
You hit the iguana.
The iguana is severely wounded.
The iguana closely misses you.
You hit the iguana.
The iguana is severely wounded.
The iguana bites you!
* * * LOW HITPOINT WARNING * * *
You barely miss the iguana.
The iguana is severely wounded.
The iguana bites you!
You die...

#######
#########.##
#.....#
..........###.....#
....##...........#
...##...# #..@..#
#..#....# #>.l..#
#..#..#.###.###.#
###..#..#.#.#.###.#
#..[...)...)....# #
#.##.#......#.#.#
#.##.##.#####.#.#
##.##.....# #.. .
.....###.## ###...


You could see an iguana.

Vanquished Creatures
  Jessica (D:3)
  Terence (D:3)
  2 adders
  A worm (D:2)
  2 dart slugs
  2 orcs (D:3)
  4 bats
  6 endoplasms
  3 giant cockroaches
  6 goblins
  3 hobgoblins (D:2)
  3 jackals (D:3)
  3 quokkas
  3 ball pythons
  5 frilled lizards
  5 kobolds
  A toadstool (D:3)
51 creatures vanquished.

Vanquished Creatures (others)
  5 fungi (D:3)
  3 plants (D:3)
  3 toadstools (D:3)
11 creatures vanquished.

Grand Total: 62 creatures vanquished

Notes
Turn   | Place    | Note
-------+----------+-------------------------------------------
     0 | D:1      | Exaltedone87 the Demonspawn Gladiator began the quest for
                  | the Orb.
     0 | D:1      | Reached XP level 1. HP: 16/16 MP: 1/1
   281 | D:1      | Reached skill level 3 in Maces & Flails
   289 | D:1      | Gained mutation: You are partially covered in rugged brown
                  | scales. (AC +1, +3% HP) [demonic ancestry]
   289 | D:1      | Reached XP level 2. HP: 7/22 MP: 2/2
  1529 | D:2      | Reached XP level 3. HP: 4/27 MP: 3/3
  2274 | D:3      | Noticed Jessica
  2276 | D:3      | Noticed Terence
  2282 | D:3      | Killed Jessica
  2283 | D:3      | Reached skill level 4 in Maces & Flails
  2283 | D:3      | Gained mutation: You have a small tail. [demonic ancestry]
  2283 | D:3      | Reached XP level 4. HP: 27/33 MP: 4/4
  2289 | D:3      | Killed Terence
  2509 | D:3      | Reached skill level 1 in Armour
  2727 | D:3      | Found a faded altar of an unknown god.
  2886 | D:4      | Found a hide-covered altar of Uskayaw.
  2893 | D:4      | Slain by an iguana

Illustrated notes

Levels and vault maps discovered:
D:1:      sevenhm_arrival_forest_fort_small_3, layout_basic, chequers_arboretum,
          minmay_pentomino_t2
D:2:      layout_basic
D:3:      layout_loops_ring, mainiacjoe_overflow_cross_hatched,
          shapermc_ecumenical_altar_mp_urbaneastern, minmay_gold_behind_fungi,
          uniq_jessica, uniq_terence
D:4:      layout_loops_cross, dancing_weapons_uskayaw, kennysheep_potato,
          uniq_ijyb

Skill      XL: |  1  2  3  4 |
---------------+-------------+-----
Maces & Flails | 3 4 |  4.6
Dodging        | 3 |  3.0
Armour         | 1 |  1.0
Fighting       | |  2.2
Throwing       | |  1.7

Action                     |  1- 3 |  4- 6 || total
---------------------------+-------+-------++-------
  Melee: Flail             |   116 |    47 ||   163
         Tailslap          |       |     8 ||     8
    Use: Scroll            |     4 |     2 ||     6
         Potion            |     1 |       ||     1
 Armour: Leather armour    |    27 |       ||    27
         Chain mail        |    19 |    27 ||    46
  Dodge: Dodged            |    57 |    18 ||    75
